Map: Acropolis LE

Players

Singer

  • Race: Terran Terran
  • League: Master
  • Spawn Location: 11:00

Woah - Winner!

  • Race: Terran Terran
  • Spawn Location: 5:00

VOD

Have the link to the VOD?

Description

Time

  • Played on: June 11, 2019, 7:04 p.m.
  • Length: 3:47
Show
View Real Time Build Order
Export as new Build Order

Singer Terran 

Build Orders: Gas First Reaper Expand 

Get SALT Encoding   

  12  0:00  SCV  
  13  0:13  SCV  
  14  0:17  Supply Depot  
  14  0:25  SCV  
  15  0:35  Refinery  
  15  0:39  SCV  
  16  0:44  Barracks  
  16  0:51  SCV  
  17  1:03  SCV  
  18  1:25  Command Center  
  18  1:32  Reaper  
  19  1:39  Orbital Command  
  19  2:03  Factory  
  19  2:06  SCV  
  20  2:17  Barracks Reactor  
  20  2:18  SCV  
  19  2:54  Marine x2  
  19  3:06  Hellion  
  19  3:12  Marine  
  21  3:28  Marine  
Show
View Real Time Build Order
Export as new Build Order

Woah Terran - Winner!

Build Orders:  

Get SALT Encoding   

  12  0:01  SCV  
  13  0:13  SCV  
  14  0:18  Supply Depot  
  14  0:34  SCV  
  15  0:53  Barracks  
  15  0:57  Barracks  
  15  0:59  Refinery  
  15  1:10  Refinery  
  15  1:12  SCV  
  16  1:30  Barracks  
  16  1:36  SCV  
  17  1:46  Reaper  
  18  1:52  Reaper  
  19  2:13  Supply Depot  
  19  2:17  Reaper  
  20  2:38  Reaper  
  21  2:53  Reaper x2  
  23  3:01  Orbital Command  
  23  3:10  Reaper  
Tags
 
League
Master
Matchup
TvT
Race
Terran
Replay Pack
r1
Spawn Locations
Cross Positions
Add a new tag
Caveats
  • Supply blocks, unpowered buildings, or Contaminate may cause inaccurate times.
  • Supply counts are checked every 10 seconds.